AoeStats
← 一刀倾城

Arabia

503921024Analyzed
1v1 RM · 29d ago on Sep 3, 2026· 38m 13s· 2 players
Game mode
Random Map
Map size
Tiny (2 player)
Population
200
Speed
Normal
Resources
Standard
Victory
Conquest
Starting age
Dark Age
Ending age
Imperial Age
RankedLock teamsTeams togetherTeam positionsShared explorationLock speedFull tech treeHidden civsTurbo modeCheats
Victory
Defeat
🇹🇼 Sicilians · Taiwan
1364
+15
🇵🇪 Bengalis · Peru
1347
-15
Anakin
7:04 Loom
9:30 Feudal Age
16:24 Double-Bit Axe
19:32 Horse Collar
22:16 Castle Age
22:21 Bloodlines
22:13 Fletching
23:20 Husbandry
23:24 Bodkin Arrow
24:45 Padded Archer Armor
30:00 Ballistics
33:52 Leather Archer Armor
33:46 Elite Skirmisher
一刀倾城
6:02 Loom
8:42 Feudal Age
9:56 Double-Bit Axe
11:11 Horse Collar
18:31 Castle Age
19:26 Wheelbarrow
20:15 Bow Saw
20:52 Heavy Plow
25:19 Scale Mail Armor
25:52 Squires
28:33 Hand Cart
28:18 Pikeman
28:45 Gambesons
29:16 Chain Mail Armor
29:59 Fletching
30:43 Forging
35:03 Imperial Age
35:06 Halberdier
36:18 Plate Mail Armor
36:11 Conscription
36:00 Bodkin Arrow
36:40 First Crusade
37:28 Iron Casting
37:05 Elite Serjeant
Connection lost

Rejoining the realm…

Still unreachable

The connection could not be restored.

Session expired

The server has moved on; the page needs a fresh start.